 Dungeon Crawl Stone Soup version 0.22.1-2-g9c5b331 (webtiles) character file.

420 ChrisM345 the Chopper (level 6, -1/39 HPs)
             Began as a Gargoyle Berserker on Dec 28, 2018.
             Was a Believer of Trog.
             Slain by an orc warrior
             ... wielding a +1 war axe of electrocution
              (7 damage)
             ... on level 4 of the Dungeon.
             The game lasted 00:06:40 (3012 turns).

ChrisM345 the Chopper (Gargoyle Berserker)          Turns: 3012, Time: 00:06:41

Health: -1/39      AC: 11    Str: 23    XL:     6   Next: 94%
Magic:  6/6        EV: 11    Int:  7    God:    Trog [**....]
Gold:   162        SH:  0    Dex:  9    Spells: 5/5 levels left

rFire    . . .     SeeInvis .   r - +0 war axe
rCold    . . .     Gourm    .   (no shield)
rNeg     + . .     Faith    .   m - +0 scale mail (curse)
rPois    ∞         Spirit   .   (no helmet)
rElec    +         Reflect  .   (no cloak)
rCorr    .         Harm     .   (no gloves)
MR       .....                  (no boots)
Stlth    ..........             u - amulet of the acrobat
HPRegen  0.13/turn              (no ring)
MPRegen  0.10/turn              (no ring)

@: starving
A: negative energy resistance 1, electricity resistance, unbreathing,
petrification resistance, rot immunity, AC +4
a: Berserk, Trog's Hand, Renounce Religion


You were on level 4 of the Dungeon.
You worshipped Trog.
Trog was pleased with you.
You were starving.

You visited 1 branch of the dungeon, and saw 5 of its levels.

You collected 162 gold pieces.

Inventory:

Hand Weapons
 a - a +0 hand axe
 r - a +0 war axe (weapon)
Armour
 b - a +0 animal skin
 m - a cursed +0 scale mail (worn)
Jewellery
 u - an amulet of the acrobat (around neck)
Wands
 j - a wand of digging (17)
 o - a wand of random effects (20)
Scrolls
 e - 2 scrolls of immolation
 h - 3 scrolls of teleportation
 k - 3 scrolls of identify
 l - 2 scrolls of enchant weapon
 n - a scroll of magic mapping
 p - a scroll of fog
Potions
 d - a potion of haste {unknown}
 f - 2 potions of heal wounds {unknown}
 g - 2 potions of curing {unknown}
 i - a potion of magic {unknown}
 q - a potion of mutation {unknown}
Comestibles
 c - 14 rations


   Skills:
 + Level 4.4 Fighting
 + Level 5.2 Axes
 + Level 3.1 Armour
 + Level 3.0 Dodging
 + Level 0.4 Stealth


You had 5 spell levels left.
You didn't know any spells.
Your spell library contained the following spells:

 Spells                   Type           Power        Failure   Level  Hunger
 Magic Dart               Conj           #...         75%         1    ##.....
 Searing Ray              Conj           #.....       87%         2    ###....
 Dazzling Spray           Conj/Hex       #.....       98%         3    ####...
 Force Lance              Conj/Tloc      #.......     100%        4    #####..
 Fulminant Prism          Conj/Hex       #.........   100%        4    #####..
 Iskenderun's Mystic Bla  Conj           #.......     100%        4    #####..


Dungeon Overview and Level Annotations

Branches:
Dungeon (5/15)
 Temple: D:4-7

Altars:
Gozag
Sif Muna
Xom

Annotations:
D:4 nxtlvl's ghost, amateur VSSk


Innate Abilities, Weirdness & Mutations

You are resistant to torment.
Your stone body is resilient. (AC +4)
You are immune to poison.
You resist negative energy. (rN+)
You are resistant to electric shocks. (rElec)
You can survive without breathing.
You are immune to petrification.
You are immune to rotting.


Message History

The orc warrior is lightly wounded.
You miss nxtlvl's ghost.
The orc warrior hits you with a war axe of electrocution.
Nxtlvl's ghost closely misses you.
You slash the orc warrior!
The orc warrior is severely wounded.
You completely miss nxtlvl's ghost. The orc warrior barely misses you.
Nxtlvl's ghost hits you.
* * * LOW HITPOINT WARNING * * *
You barely miss the orc warrior.
The orc warrior is severely wounded.
You closely miss nxtlvl's ghost. The orc warrior barely misses you.
Nxtlvl's ghost barely misses you. The orc warrior closely misses you.
You barely miss the orc warrior.
The orc warrior is severely wounded.
You hit nxtlvl's ghost but do no damage.
Nxtlvl's ghost misses you. Nxtlvl's ghost hits you.
* * * LOW HITPOINT WARNING * * *
The orc warrior hits you with a war axe of electrocution!
You die...

.......#.....#.............# ###
............#########......####..
.)[........######...............#
##.[#.........##..###......###...
##.[###...........# ##...........
##.>####.#........#*####.........
.#..#............##.8.##.........
......##.#.......#....∩#.........
)#..............@o....8#.........
.#..#...##.......W._8.∩#.....####
.#......##.......'....8#.......##
....#.####.......#.....#...###...
........##......)##.8∩##.........
........##........#####..........
........>...............)).......
........#.....#########.).)......
.............## ###.####...


You could see an orc warrior and nxtlvl's ghost.

Vanquished Creatures
  A phantom (D:4)
  A howler monkey (D:4)
  An orc wizard (D:4)
  2 orc priests (D:4)
  An iguana (D:4)
  Terence (D:3)
  A worker ant (D:4)
  5 adders (D:2)
  2 oozes (D:2)
  4 worms (D:2)
  11 orcs
  A giant cockroach (D:1)
  5 goblins
  5 hobgoblins
  6 kobolds
  2 quokkas (D:2)
  2 ball pythons (D:2)
  8 bats
  4 frilled lizards
  6 rats
69 creatures vanquished.

Notes
Turn   | Place    | Note
-------+----------+-------------------------------------------
     0 | D:1      | ChrisM345 the Gargoyle Berserker began the quest for the
                  | Orb.
     0 | D:1      | Reached XP level 1. HP: 14/14 MP: 1/1
   384 | D:1      | Reached XP level 2. HP: 19/19 MP: 2/2
   616 | D:1      | Reached skill level 3 in Axes
   700 | D:2      | Reached XP level 3. HP: 23/23 MP: 3/3
  1015 | D:2      | Reached ** piety under Trog
  1023 | D:2      | Reached XP level 4. HP: 29/29 MP: 4/4
  1405 | D:2      | Found a deep blue altar of Sif Muna.
  1577 | D:3      | Noticed Terence
  1585 | D:3      | Killed Terence
  1585 | D:3      | Reached skill level 4 in Axes
  1585 | D:3      | Reached XP level 5. HP: 33/33 MP: 5/5
  2055 | D:4      | Noticed a phantom
  2143 | D:4      | Killed a phantom
  2143 | D:4      | Reached XP level 6. HP: 23/38 MP: 6/6
  2300 | D:4      | Found a runed gate.
  2300 | D:4      | Found a runed gate.
  2301 | D:4      | Found a runed gate.
  2302 | D:4      | Found an opulent altar of Gozag.
  2303 | D:4      | Noticed an orc warrior
  2306 | D:4      | Noticed nxtlvl's ghost (amateur VSSk)
  2330 | D:4      | Reached skill level 5 in Axes
  2338 | D:5      | Entered Level 5 of the Dungeon
  2899 | D:4      | Found a shimmering altar of Xom.
  3012 | D:4      | Slain by an orc warrior

Skill      XL: |  1  2  3  4  5  6 |
---------------+-------------------+-----
Axes           | 3 4 5 |  5.2
Dodging        | 2 3 |  3.0
Fighting       | 4 |  4.4
Armour         | 3 |  3.1
Stealth        | |  0.4

Action                   |  1- 3 |  4- 6 || total
-------------------------+-------+-------++-------
Melee: Hand axe          |    98 |    72 ||   170
       War axe           |       |    99 ||    99
Invok: Berserk           |     1 |     2 ||     3
  Use: Scroll            |       |     7 ||     7
  Eat: Chunk             |       |     8 ||     8
Armor: Animal skin       |    50 |    32 ||    82
       Scale mail        |       |    43 ||    43
Dodge: Dodged            |    93 |   144 ||   237
